 Dungeon Crawl Stone Soup version 0.28-b1-1-g3c77fb2ed1 (webtiles) character file.

Game seed: 2696551339282856378

481 zeram the Sneak (level 7, -4/46 HPs)
             Began as an Octopode Fighter on Jan 29, 2022.
             Slain by Blork the orc (17 damage)
             ... on level 5 of the Dungeon.
             The game lasted 00:08:29 (4390 turns).

zeram the Sneak (Octopode Fighter)                  Turns: 4390, Time: 00:08:31

Health: -4/46      AC:  1    Str: 15    XL:     7   Next: 12%
Magic:  7/7        EV: 13    Int: 13    God:
Gold:   164        SH:  5    Dex: 11    Spells: 6/6 levels left

rFire   . . .      SeeInvis .   d - +2 short sword (freeze)
rCold   . . .      Faith    .   b - +1 buckler
rNeg    . . .      Spirit   .   (helmet restricted)
rPois   .          Reflect  .   g - amulet of the acrobat
rElec   .          Harm     .   (no ring)
rCorr   .          Rampage  .   (no ring)
Will    .....                   (no ring)
Stlth   ++++......              (no ring)
HPRegen 0.15/turn               (no ring)
MPRegen 0.10/turn               (no ring)
                                (no ring)
                                (no ring)

@: mighty
A: almost no armour, amphibious, 8 rings, camouflage 1, gelatinous body 1,
(nimble swimmer 1), tentacles
a: no special abilities


You were on level 5 of the Dungeon.
You visited 1 branch of the dungeon, and saw 5 of its levels.

You collected 164 gold pieces.

Inventory:

Hand Weapons
 a - a +1 rapier
 d - a +2 short sword of freezing (weapon)
Armour
 b - a +1 buckler (worn)
Jewellery
 g - an amulet of the acrobat (around mantle)
Scrolls
 e - 3 scrolls of teleportation
 f - a scroll of fear
 k - 2 scrolls of amnesia
 n - 2 scrolls of immolation
Potions
 h - a potion of heal wounds
 i - a potion of magic
 j - a potion of degeneration
 l - a potion of brilliance
 m - a potion of mutation
 q - a potion of attraction {unknown}


   Skills:
 - Level 3.0 Fighting
 + Level 4.9 Short Blades
 + Level 4.1 Dodging
 + Level 5.8 Stealth
 + Level 3.6 Shields


You had 6 spell levels left.
You didn't know any spells.
Your spell library contained the following spells:

 Spells                   Type           Power      Damage    Failure   Level
 Corpse Rot               Necr/Air       0%         N/A       52%         2
 Poisonous Vapours        Pois/Air       0%         N/A       52%         2


Dungeon Overview and Level Annotations

Branches:
Dungeon (5/15)
 Temple: D:4-7

Altars:

Shops:
D:4 *

Annotations:
D:4 Pikel
D:5 Blork the orc


Innate Abilities, Weirdness & Mutations

You cannot wear most types of armour.
You are amphibious.
You can wear up to eight rings at the same time.
Your skin changes colour to match your surroundings (Stealth+).
Your rubbery body absorbs attacks. (AC +1, EV +1)
((You are camouflaged when in or above water. (Stealth+)))
You have tentacles for arms and can constrict up to eight enemies at once.


Message History

You hit the kobold. You freeze the kobold.
You kill the kobold!
The necrophage hits you but does no damage.
You hit the necrophage. You freeze the necrophage. You grab the necrophage.
You squeeze the necrophage!
The necrophage is heavily damaged.
You constrict the necrophage. Blork the orc closely misses you.
The necrophage closely misses you.
You hit the necrophage.
The necrophage is severely damaged.
You constrict the necrophage. Blork the orc completely misses you.
You block the necrophage's attack.
Blork the orc gestures at you while chanting.
The puff of flame misses you.
You puncture the necrophage! You freeze the necrophage.
You destroy the necrophage!
You block Blork the orc's attack.
Your life force feels restored.
You have reached level 7!
Blork the orc casts a spell at you. The puff of flame hits you.
The orc completely misses you.
Blork the orc looks braver for a moment.
You see here a necrophage corpse.
You hit the orc. You freeze the orc. Your grab misses the orc.
You squeeze the orc.
You kill the orc!
You block Blork the orc's attack.
You puncture Blork the orc! You freeze Blork the orc.
Your grab misses Blork the orc. Your squeeze misses Blork the orc.
Blork the orc is moderately wounded.
Blork the orc screams, "I'll make a cloak from your skin!"
Blork the orc hits you with a +0 glaive!!
Blork the orc misses you.
You hit Blork the orc. You freeze Blork the orc.
Your grab misses Blork the orc.
Blork the orc is heavily wounded.
The scorpion zombie hits you.
* * * LOW HITPOINT WARNING * * *
Blork the orc hits you with a +0 glaive!
You die...

## .... #.# .### .o###
##.### ....>..... .....
### .#.#.#.#.# ...# ..#
.........# #..# ..
.#.#.#.## #..##.#
........# #<.#..#
.#!#.#.## #..#.# ........#
###)@..## .#.#.#.##
#..oZ...# ........#
#.....#.# .#.#.#(##
#.<...#.###### .....o..#
#.....#......#
.#.#.#.######.....#......#
#####...n.Z....#####.....#
#...######..####.....#
#...# ##..........#


You could see Blork the orc (fast) and a scorpion zombie.

Vanquished Creatures
  A necrophage (D:5)
  An ogre (D:4)
  A kobold brigand (D:4)
  A water moccasin skeleton (D:5)
  A centaur zombie (D:5)
  A jelly (D:5)
  An iguana (D:4)
  An adder (D:2)
  An ufetubus (D:4)
  An adder skeleton (D:4)
  3 dart slugs
  2 orcs
  6 bats
  8 endoplasms
  4 giant cockroaches
  4 goblins
  9 hobgoblins
  6 jackals (D:1)
  10 kobolds
  3 quokkas
  5 ball pythons
  A frilled lizard (D:2)
  4 rats
75 creatures vanquished.

Notes
Turn   | Place    | Note
-------+----------+-------------------------------------------
     0 | D:1      | zeram the Octopode Fighter began the quest for the Orb.
     0 | D:1      | Reached XP level 1. HP: 16/16 MP: 1/1
   314 | D:1      | Reached XP level 2. HP: 21/21 MP: 2/2
   541 | D:1      | Found a faded altar of an unknown god.
   611 | D:1      | Reached XP level 3. HP: 23/26 MP: 3/3
   868 | D:1      | Reached skill level 1 in Stealth
  1619 | D:2      | Reached XP level 4. HP: 26/31 MP: 4/4
  1695 | D:2      | Reached skill level 2 in Stealth
  2780 | D:4      | Noticed an ogre
  2789 | D:4      | Killed an ogre
  2790 | D:4      | Reached skill level 3 in Stealth
  2790 | D:4      | Reached XP level 5. HP: 24/36 MP: 5/5
  3309 | D:4      | Noticed a lemure
  3310 | D:4      | Noticed Pikel
  3310 | D:4      | Noticed a lemure
  3311 | D:4      | Noticed a lemure
  3312 | D:4      | Noticed a lemure
  3481 | D:4      | Reached skill level 4 in Stealth
  4009 | D:4      | Found Dael's Assorted Antiques.
  4039 | D:5      | Entered Level 5 of the Dungeon
  4042 | D:5      | Reached XP level 6. HP: 42/42 MP: 6/6
  4084 | D:5      | Noticed Blork the orc
  4086 | D:5      | Noticed a necrophage
  4115 | D:4      | Reached skill level 5 in Stealth
  4386 | D:5      | Killed a necrophage
  4387 | D:5      | Reached XP level 7. HP: 43/46 MP: 7/7
  4390 | D:5      | Slain by Blork the orc

Illustrated notes

Levels and vault maps discovered:
D:1:      ncdulo_halloftheorcs, layout_basic,
          hellmonk_ecumenical_altar_crossroads, grunt_decor_one_mirror,
          minmay_misc_feat_tower
D:2:      kb_forest_paths, layout_rooms
D:3:      layout_basic, chequers_hall_statues_corner_a
D:4:      layout_cave_pods, serial_shops, kennysheep_mini, uniq_pikel
D:5:      layout_rooms, cheibrodos_sewer_entry_bend, gup_ossuary_entry_pyramid,
          minmay_misc_feat_doors, minmay_hedge_maze, st_stairs_10,
          uniq_menkaure, uniq_blork_the_orc

Skill      XL: |  1  2  3  4  5  6 |
---------------+-------------------+-----
Stealth        | 1 3 4 5 |  5.8
Short Blades   | 3 4 |  4.9
Dodging        | 4 |  4.1
Fighting       | |  3.0
Shields        | |  3.6

Action                   |  1- 3 |  4- 6 |  7- 9 || total
-------------------------+-------+-------+-------++-------
Melee: Rapier            |    63 |    58 |       ||   121
       Constrict         |    13 |    13 |       ||    26
       Tentacles         |    12 |    10 |     1 ||    23
       Punch             |     2 |       |       ||     2
       Short sword       |       |     8 |     3 ||    11
  Use: Scroll            |     5 |    11 |       ||    16
       Potion            |       |     2 |       ||     2
 Stab: Sleeping          |     7 |    11 |       ||    18
       Distracted        |       |     1 |       ||     1
Armor: Skin              |     5 |     2 |       ||     7
Dodge: Dodged            |    34 |    35 |     2 ||    71
Block: Buckler           |     5 |     9 |     1 ||    15
